 Dungeon Crawl Stone Soup version 0.24-b1-30-g840c9efd86 (webtiles) character file.

Game seed: 2981523475445623133, levelgen mode: deterministic

137 night the Ruffian (level 5, 0/44 HPs)
             Began as a Naga Transmuter on Oct 23, 2019.
             Was an Initiate of Cheibriados.
             Succumbed to an adder's poison
             ... on level 2 of the Dungeon.
             The game lasted 00:07:46 (3169 turns).

night the Ruffian (Naga Transmuter)                 Turns: 3169, Time: 00:07:47

Health: 0/44       AC:  2    Str: 13 (14) XL:     5   Next: 20%
Magic:  2/8        EV: 10    Int: 14 (15) God:    Cheibriados [......]
Gold:   61         SH:  0    Dex: 10 (12) Spells: 5/8 levels left

rFire    . . .     SeeInvis +     - Unarmed
rCold    . . .     Gourm    +   (no shield)
rNeg     . . .     Faith    .   b - +0 robe
rPois    +         Spirit   .   (no helmet)
rElec    .         Reflect  .   (no cloak)
rCorr    .         Harm     .   (no gloves)
MR       .....                  (no barding)
Stlth    +.........             j - amulet of the gourmand
HPRegen  0.14/turn              (no ring)
MPRegen  0.11/turn              (no ring)

@: lethally poisoned (0 -> -2), appendage, very slightly contaminated, very slow
A: large, horns 2, see invisible, deformed body, poison resistance, slowness 2,
slow metabolism 1, spit poison 1, AC +1
a: Spit Poison, End Transformation, Bend Time, Renounce Religion


You were on level 2 of the Dungeon.
You worshipped Cheibriados.
Cheibriados was noncommittal.
You were very full.
You had grown temporary horns.
You visited 1 branch of the dungeon, and saw 2 of its levels.

You collected 61 gold pieces.

Inventory:

Missiles
 a - 32 arrows
 c - 7 curare-tipped darts (quivered)
 e - 57 stones
 l - 19 sling bullets
Armour
 b - a +0 robe (worn)
Jewellery
 j - an amulet of the gourmand (around neck)
Scrolls
 h - a scroll of enchant weapon {unknown}
 k - 2 scrolls of teleportation {unknown}
 m - a scroll of identify
 q - a scroll of magic mapping {unknown}
 r - a scroll of immolation {unknown}
Potions
 f - a potion of magic
Comestibles
 d - 5 rations


   Skills:
 - Level 1.0 Fighting
 - Level 1.5 Dodging
 + Level 4.5 Unarmed Combat
 - Level 2.0 Spellcasting
 + Level 3.9 Transmutations


You had 5 spell levels left.
You knew the following spells:

 Your Spells              Type           Power        Failure   Level  Hunger
a - Beastly Appendage     Tmut           ##....       4%          1    ##.....
b - Sticks to Snakes      Tmut           ##......     7%          2    ###....

Your spell library contained the following spells:

 Spells                   Type           Power        Failure   Level  Hunger
 Spider Form              Tmut/Pois      #.........   32%         3    ####...
 Ice Form                 Ice/Tmut       #.......     71%         4    #####..
 Blade Hands              Tmut           ##........   78%         5    ######.


Dungeon Overview and Level Annotations

Branches:
Dungeon (2/15)

Altars:
Cheibriados


Innate Abilities, Weirdness & Mutations

You cannot wear boots.
Your serpentine skin is tough. (AC +1)
You have supernaturally acute eyesight. (SInv)
Armour fits poorly on your strangely shaped body.
Your system is resistant to poisons. (rPois)
You cover ground very slowly.
You have a slow metabolism.
You can spit poison.
You have a pair of horns on your head.


Message History

Your ball python bites the adder.
Your ball python grabs the adder.
Your ball python constricts the adder.
The adder bites your ball python.
Casting: Sticks to Snakes (safe; 7% risk of failure)
Confirm with . or Enter, or press ? or * to list all spells.
You grow a pair of large bovine horns.
The adder bites your ball python.
Your ball python bites the adder.
Your ball python constricts the adder.
Casting: Beastly Appendage (safe; 4% risk of failure)
Confirm with . or Enter, or press ? or * to list all spells.
You create a snake!
You now have 33 arrows.
* * * LOW HITPOINT WARNING * * *
You feel sick. The adder bites your ball python.
Your ball python dies!
You swap places.
Your ball python barely misses the adder.
Your ball python misses the adder.
The adder bites your ball python.
Your ball python dies!
Casting: Sticks to Snakes (safe; 7% risk of failure)
Confirm with . or Enter, or press ? or * to list all spells.
You create a snake!
You now have 32 arrows.
You die...

##.## ##.#.# #..######.## ...#
#...### #..........# ##.##
##.....# ##.#####.#>##
##o###.####.# #.# ##.###.#
####.So#####.#########.# #.## ##.
......o.o...)..........# ##.###.#
#########)##.########### ##.#.##
#.##.######## #..###
##...oo.S@.S.# #.....
#....o######.#############
#.....######≈≈≈≈≈≈≈≈####
#8..8.##≈≈≈≈≈≈≈≈≈≈≈≈≈≈≈###
#8..8≈≈≈≈≈≈≈≈≈≈≈≈≈≈≈≈≈≈≈≈#
####≈..≈≈≈≈≈≈≈≈≈≈≈≈≈≈≈≈≈≈≈≈≈≈
####≈≈≈≈..≈≈≈≈≈≈≈≈≈≈####≈≈≈≈≈≈≈≈
##≈≈≈≈≈≈≈..≈≈≈≈≈≈##.........≈≈≈≈≈
≈≈≈≈≈≈≈≈≈..≈≈≈#####.....#.....≈≈≈


You could see an adder, 3 orcs and a friendly ball python.

Vanquished Creatures
  A bullfrog skeleton (D:2)
  An orc wizard (D:2)
  3 adders (D:2)
  An ooze (D:1)
  2 dart slugs
  2 leopard geckos (D:1)
  An orc (D:2)
  7 giant cockroaches
  5 hobgoblins
  6 kobolds
  4 bats
  7 frilled lizards
  6 goblins
  A rat (D:1)
47 creatures vanquished.

Vanquished Creatures (others)
  A bat (D:2)
1 creature vanquished.

Grand Total: 48 creatures vanquished

Notes
Turn   | Place    | Note
-------+----------+-------------------------------------------
     0 | D:1      | night the Naga Transmuter began the quest for the Orb.
     0 | D:1      | Reached XP level 1. HP: 18/18 MP: 3/3
    53 | D:1      | Reached XP level 2. HP: 15/25 MP: 3/5
   421 | D:1      | Learned a level 2 spell: Sticks to Snakes
   957 | D:1      | Reached XP level 3. HP: 27/31 MP: 4/6
  2153 | D:2      | Reached skill level 4 in Unarmed Combat
  2153 | D:2      | Reached XP level 4. HP: 11/38 MP: 5/7
  2839 | D:2      | Found a snail-covered altar of Cheibriados.
  2854 | D:2      | Became a worshipper of Cheibriados the Contemplative
  3157 | D:2      | Reached XP level 5. HP: 15/44 MP: 8/8
  3164 | D:2      | HP: 2/44 [poisoned by an adder]
  3169 | D:2      | Succumbed to an adder's poison

Skill      XL: |  1  2  3 |
---------------+----------+-----
Transmutations | 3 |  3.9
Unarmed Combat | 4 |  4.5
Fighting       | |  1.0
Dodging        | |  1.5
Spellcasting   | |  2.0

Action                   |  1- 3 |  4- 6 || total
-------------------------+-------+-------++-------
Melee: Unarmed           |   122 |    64 ||   186
       Headbutt          |     7 |     5 ||    12
       Punch             |     1 |       ||     1
 Cast: Beastly Appendage |    13 |     6 ||    19
       Sticks to Snakes  |       |     3 ||     3
Invok: Bend Time         |       |     1 ||     1
 Abil: Spit Poison       |     3 |     3 ||     6
  Use: Scroll            |     2 |       ||     2
       Potion            |       |     7 ||     7
 Stab: Invisible         |       |     1 ||     1
  Eat: Chunk             |    11 |     6 ||    17
Armor: Robe              |    15 |    15 ||    30
Dodge: Dodged            |    67 |    38 ||   105
